Arrhythmia, neutral female human Tourist .. ... .... .... ..* - - -.. -.. -..*- -...- ... | | | | |. |.. |.. |... |...| |...| ... . -+-. -+-.. -+- -+-.. -+-*. -+-...-+-..*-+-...-+-...-+-...-+-...-+-... ...........*....... ......*...........*.........*.............*........... .............*.......* ...*..........*..........*..*..................... ........**................ #.............*.....*.........................*. .........*.....*.*....................................*.................... .......................*..................................#.....*........ *. #...*........*..........*..*......................*.................. ............**.................*........................................... ..............................................................*............ ........*.................................................*................ .....*.*.........................*...... ........*............ ........ #...................*............. #...........*...... .................*..................*..*....*...*..........*.*............. ............................................................^.............. -+- -+- -+- -+- -+- -+- -+- -+- -+- -+-...-+-...-|- .* |...| |...|@| -...- -...--- ..... .*... Arrhythmia the Sightseer Experience level: 3 Strength: 13 Dexterity: 11 Constitution: 16 Intelligence: 14 Wisdom: 8 Charisma: 13 Health: 0(23) Energy: 12(12) AC: 10 Gold: 975 Moves: 617 Your Inventory: Coins $ - 975 gold pieces Weapons a - 35 uncursed +2 darts (in quiver) r - a cursed [-1] crude dagger [orcish] (weapon in hand) Armor j - an uncursed +0 Hawaiian shirt (being worn) Comestibles b - 2 uncursed fortune cookies c - 10 uncursed food rations d - an uncursed tripe ration f - an uncursed [stale] egg m - an [uncursed] lichen corpse Scrolls h - 3 uncursed scrolls of magic mapping i - a blessed scroll of magic mapping q - an [uncursed] scroll labeled PRIRUTSENIE [of enchant armor] Potions g - 2 uncursed potions of extra healing n - an [uncursed] gooey potion [of levitation] Rings p - an [uncursed] iron ring [of polymorph] Tools k - an uncursed expensive camera (0:98) l - an uncursed credit card Spells known in the end: Name Level Category Fail Memory Your skills at the end: Fighting Skills Weapon Skills dart [Basic / Expert] Spellcasting Skills Final Attributes: You were fervently aligned. Hunger level was 751. Your alignment was 10 / 13. Monster difficulty range was 0 - 3. Level difficulty was 4. You were lucky (1). You are dead. Vanquished creatures: a coyote 6 jackals a fox 2 kobolds 5 grid bugs 3 lichens a newt 19 creatures vanquished. Voluntary challenges: You were an atheist. You followed a strict vegan diet. You were illiterate. You never hit with a wielded weapon. You put on armor 1 time. You never genocided any monsters. You never polymorphed an object. You never changed form. You used no wishes. You never wrote Elbereth's name. You never encountered a bones level. You never used any Sokoban shortcuts. Dungeon overview: The Dungeons of Doom: levels 1 to 2 Level 1 a fountain a long staircase Level 2 a general store portal to Advent Calendar Advent Calendar: Level 4 <- You were here many trees portal to The Dungeons of Doom History has recorded: On T:1 you entered the Dungeons of Doom to retrieve the Amulet of Yendor! On T:219 you advanced to experience level 2. On T:476 you reached level 2 of The Dungeons of Doom. On T:580 you advanced to experience level 3. On T:600 you reached level 1 of Advent Calendar. Latest messages: The crude dagger welds itself to your hand! You displaced Katia. [HP+1=19] You activated a magic portal! You feel dizzy for a moment, but the sensation passes. You hear a little bell ringing! [HP+1=20] There's some graffiti on the floor here. You read: "22". There's some graffiti on the floor here. You read: "24". The door opens. [HP+1=21] You see here a bag. You carefully open the bag... It develops a huge set of teeth and bites you! [HP-9=12] You carefully open the bag... It develops a huge set of teeth and bites you! You hear the howling of the CwnAnnwn... [HP-10=2] You carefully open the bag... It develops a huge set of teeth and bites you! [HP-1=1] You carefully open the bag... It develops a huge set of teeth and bites you! You die... Final status: Aloha Arrhythmia the Tourist... You died in Advent Calendar on dungeon level 4 with 383 points, and 975 pieces of gold, after 617 moves. You were level 3 with a maximum of 23 hit points when you died.